 Dungeon Crawl Stone Soup version 0.29.0-7-g18a832c13a (webtiles) character file.

Game seed: 2888734292551684418

46 SensoryNuts the Trooper (level 3, 0/29 HPs)
             Began as a Demonspawn Fighter on Aug 31, 2022.
             Slain by an adder (3 damage)
             ... on level 3 of the Dungeon.
             The game lasted 00:01:28 (1617 turns).

SensoryNuts the Trooper (Demonspawn Fighter)        Turns: 1617, Time: 00:01:29

Health: 0/29       AC:  6    Str: 16    XL:     3   Next: 44%
Magic:  3/3        EV:  9    Int:  9    God:
Gold:   173        SH:  4    Dex: 14    Spells: 2/2 levels left

rFire   . . .      SeeInvis .   a - +1 long sword
rCold   . . .      Faith    .   c - +0 buckler
rNeg    . . .      Spirit   .   b - +0 scale mail
rPois   .          Reflect  .   (no helmet)
rElec   .          Harm     .   (no cloak)
rCorr   .          Rampage  .   (no gloves)
Will    .....                   (no boots)
Stlth   ..........              (no amulet)
HPRegen 0.09/turn               (no ring)
MPRegen 0.08/turn               (no ring)

@: brilliant
A: hooves 1
a: no special abilities


You were on level 3 of the Dungeon.
You visited 1 branch of the dungeon, and saw 3 of its levels.

You collected 173 gold pieces.

Inventory:

Hand Weapons
 a - a +1 long sword (weapon)
Armour
 b - a +0 scale mail (worn)
 c - a +0 buckler (worn)
 q - a +0 cloak
Jewellery
 e - a ring of ice
 g - a ring of ice
 k - the ring of Xom's Entertainment {Int+5 SInv}
   (You found it on level 3 of the Dungeon)

   [ring of see invisible]

   Int:       It affects your intelligence (+5).
   SInv:      It lets you see invisible.
 m - a ring of protection from cold
Scrolls
 f - a scroll of vulnerability
 n - a scroll of teleportation
 s - a scroll of fear {unknown}
 t - a scroll of identify {unknown}
Potions
 d - a potion of might
 h - a potion of brilliance
 i - a potion of invisibility {unknown}
 j - a potion of heal wounds {unknown}
 l - a potion of attraction {unknown}
 o - 2 potions of degeneration {unknown}
 p - a potion of curing {unknown}
 r - a potion of berserk rage {unknown}


   Skills:
 + Level 3.3 Fighting
 * Level 2.7 Long Blades
 + Level 2.9 Armour
 + Level 0.3 Dodging
 + Level 2.8 Shields


You had 2 spell levels left.
You didn't know any spells.
Your spell library contained the following spells:

 Spells                   Type           Power      Damage    Failure   Level
 Sandblast                Erth           0%         2d4       88%         1
 Passwall                 Tmut/Erth      0%         N/A       96%         2
 Stone Arrow              Conj/Erth      0%         3d7       99%         3


Dungeon Overview and Level Annotations

Branches:
Dungeon (3/15)

Altars:
Ashenzari
Gozag

Shops:
D:1 (


Innate Abilities, Weirdness & Mutations

You have large cloven feet.


Message History

You hit the orc.
The orc is severely wounded.
Something hits you. The orc barely misses you.
The endoplasm hits you but does no damage.
The endoplasm freezes you.
You are frozen.
Something hits you. The orc barely misses you.
You hit the orc.
You kill the orc!
The adder barely misses you.
You hear some strange, mumbled words.
A magic dart appears from out of thin air!
The magic dart hits you but does no damage.
The endoplasm hits you but does no damage.
You hit the adder. Your kick misses the adder.
The adder is lightly wounded.
The adder bites you but does no damage. Something hits you but does no damage.
The endoplasm closely misses you. The adder bites you.
You are poisoned.
The adder poisons you!
You closely miss something. Your kick misses something.
You feel sick. The adder bites you but does no damage. Something hits you.
The endoplasm hits you but does no damage.
You block the adder's attack.
You barely miss something. Your kick misses something.
You feel sick. Something hits you. The endoplasm barely misses you.
You block the adder's attack. The endoplasm freezes you.
You are frozen.
* * * LOW HITPOINT WARNING * * *
Something hits you but does no damage.
It was a potion of brilliance.
You feel clever all of a sudden.
You feel sick. The adder closely misses you.
Something hits you but does no damage. You block the endoplasm's attack.
You block the adder's attack. Something hits you but does no damage.
The adder attacks as you move away! You block the adder's attack.
You feel sick.
You are no longer poisoned.
The adder attacks as you move away! The adder bites you.
You die...

###.#..#....#.......#
#...##.##..###.####
##..##.###....)#####
#..#..# #####.....#
##...## #.....# ..#..
#.....# ......####
#.....# ..
.)......##.....#
......J#@....#
.......S.....#
......)).....#
.............#
........######
........# .......##
......# ######


You could see an adder.

Vanquished Creatures
  A worm (D:2)
  4 orcs (D:3)
  4 endoplasms (D:1)
  2 giant cockroaches (D:1)
  4 goblins
  2 hobgoblins
  A quokka (D:1)
  2 ball pythons
  7 bats
  3 frilled lizards
  3 kobolds
  4 rats
  A spectral hobgoblin (D:1)
38 creatures vanquished.

Notes
Turn   | Place    | Note
-------+----------+-------------------------------------------
     0 | D:1      | SensoryNuts the Demonspawn Fighter began the quest for the
                  | Orb.
     0 | D:1      | Reached XP level 1. HP: 18/18 MP: 1/1
   182 | D:1      | Found a faded altar of an unknown god.
   200 | D:1      | Discovered your monstrous ancestry.
   200 | D:1      | Gained mutation: You have large cloven feet. [demonic
                  | ancestry]
   200 | D:1      | Reached XP level 2. HP: 22/24 MP: 2/2
   576 | D:1      | Found a broken altar of Ashenzari.
   619 | D:1      | Found Ekuporroa's Weapon Shop.
  1055 | D:2      | Reached XP level 3. HP: 29/29 MP: 3/3
  1229 | D:2      | Found an opulent altar of Gozag.
  1476 | D:3      | Identified the ring of Xom's Entertainment {Int+5 SInv}
  1617 | D:3      | Slain by an adder

Illustrated notes

Levels and vault maps discovered:
D:1:      dpeg_arrival_water_altar, layout_basic, serial_shops,
          nicolae_shop_window_shopping,
          dreamdust_ecumenical_altar_drowned_temple, serial_bayou_pond_e,
          minmay_misc_feat_iff, minmay_misc_feat_pillars,
          hangedman_decor_points, minmay_box_of_dots
D:2:      layout_rooms, basic_altar
D:3:      layout_rooms, mainiacjoe_overflow_small_starburst,
          cheibrodos_sewer_entry_drain

Skill      XL: |  1  2 |
---------------+-------+-----
Long Blades    | 2 |  2.7
Fighting       | |  3.3
Armour         | |  2.9
Dodging        | |  0.3
Shields        | |  2.8

Action                   || total
-------------------------++-------
Melee: Long sword        ||   122
       Kick              ||    13
  Use: Scroll            ||     3
       Potion            ||     1
Armor: Scale mail        ||   106
Dodge: Dodged            ||    62
Block: Buckler           ||    44
